Map: Ulrena

Players

capac

  • Race: Terran Terran
  • League: Gold

Worf - Winner!

  • Race: Zerg Zerg
  • League: Gold

VOD

Have the link to the VOD?

Description

Time

  • Played on: Dec. 2, 2015, 3:02 p.m.
  • Length: 14:17
Show
View Real Time Build Order
Export as new Build Order

capac Terran 

Build Orders:  

Get SALT Encoding   

  12  0:01  SCV  
  13  0:13  SCV  
  14  0:18  Supply Depot  
  14  0:25  SCV  
  15  0:40  SCV  
  15  0:41  Barracks  
  16  0:47  Refinery  
  16  0:53  SCV  
  17  1:05  SCV  
  18  1:17  SCV  
  19  1:33  Command Center  
  19  1:38  SCV  
  20  1:40  Barracks Reactor  
  20  1:52  Supply Depot, SCV  
  21  2:04  SCV  
  22  2:11  Factory  
  22  2:17  SCV  
  22  2:22  Refinery, Marine x2  
  25  2:32  Bunker  
  25  2:41  Orbital Command  
  25  2:48  Marine x2  
  27  3:08  Orbital Command  
  27  3:10  Marine x2  
  29  3:15  Starport  
  29  3:20  Factory Tech Lab  
  29  3:23  SCV  
  30  3:40  SCV x2  
  32  3:43  Marine x2  
  34  3:50  Engineering Bay  
  34  3:51  Engineering Bay  
  34  3:56  Medivac  
  34  3:58  SCV  
  34  4:01  Siege Tank  
  40  4:07  SCV  
  41  4:10  SCV  
  41  4:15  Supply Depot  
  42  4:20  Supply Depot  
  42  4:25  SCV  
  42  4:26  SCV  
  42  4:30  Missile Turret  
  44  4:32  Marine x2  
  46  4:43  SCV x2  
  48  4:49  Marine  
  48  4:50  Refinery, Marine  
  50  5:00  Liberator  
  50  5:02  Command Center  
  50  5:11  Supply Depot  
  50  5:12  SCV x2  
  55  5:24  SCV  
  56  5:35  Refinery  
  56  5:36  Marine x2, SCV x2  
  60  5:48  Barracks  
  60  5:50  Barracks  
  60  5:52  Liberator  
  60  5:55  Barracks  
  60  6:06  Marine x2  
  60  6:08  Siege Tank  
  68  6:13  Supply Depot  
  68  6:23  Terran Infantry Weapons Level 1  
  68  6:24  Marine x2, Terran Infantry Armor Level 1  
  70  6:36  Barracks Tech Lab, Liberator  
  70  6:38  Barracks Tech Lab, Supply Depot  
  70  6:43  Barracks Reactor  
  70  6:48  SCV x2  
  75  6:58  Starport  
  75  7:00  Combat Shields  
  75  7:01  Stimpack  
  75  7:02  Supply Depot, Marine  
  75  7:03  Marine x2  
  75  7:04  SCV  
  75  7:06  SCV  
  80  7:23  Marauder x2, Marine x3  
  87  7:33  Supply Depot  
  87  7:36  Starport Reactor  
  87  7:37  Medivac  
  87  7:41  Supply Depot  
  87  7:42  SCV  
  87  7:43  SCV  
  91  7:58  SCV x2  
  93  7:59  Marine x5  
  93  8:00  Marauder  
  100  8:07  Supply Depot  
  100  8:08  Supply Depot  
  100  8:10  Starport Reactor, SCV x2, Command Center  
  102  8:14  Medivac x2  
  106  8:24  Armory  
  106  8:36  SCV x2  
  106  8:37  Marine x2  
  106  8:38  Marine x2  
  106  8:39  Marauder x2  
  116  8:52  Siege Tank  
  116  8:53  Supply Depot  
  119  8:57  Supply Depot  
  119  9:00  Marauder  
  121  9:08  Marine x3  
  121  9:09  Marine x2  
  126  9:21  Marauder  
  127  9:27  Marauder  
  107  9:35  Liberator  
  107  9:36  Liberator  
  103  9:44  Marine x4  
  103  9:45  Marine  
  108  9:48  Marine  
  108  9:50  Siege Tank  
  115  9:54  Medivac  
  115  9:55  Medivac  
  115  9:56  Terran Infantry Weapons Level 2  
  122  10:00  Supply Depot  
  122  10:03  Marauder  
  124  10:10  Marauder, Marine x2  
  124  10:11  Marine  
  129  10:17  Terran Infantry Armor Level 2  
  129  10:19  Barracks  
  129  10:24  Marauder  
  131  10:28  Marine x2  
  131  10:29  Marine x2, Liberator x2  
  135  10:36  Orbital Command  
  120  11:07  Marine x3  
  120  11:08  Marauder, Marine  
  107  11:18  Marine  
  107  11:25  Marine x2, Siege Tank, Missile Turret  
  112  11:26  Barracks Reactor  
  112  11:28  Barracks  
  112  11:30  Marauder  
  115  11:36  Marauder  
  117  11:50  Marine x4  
  117  11:51  Marauder  
  123  11:57  Siege Tank  
  126  12:03  Factory  
  126  12:11  Marine, Medivac x2  
  126  12:12  Factory, Marine x3  
  126  12:13  Marauder x2  
  138  12:16  Marine x2, Barracks Reactor  
  138  12:19  Concussive Shells  
  96  12:56  Liberator x2  
  86  12:59  Marine x4  
  86  13:00  Marine x3  
  86  13:01  Marauder x2  
  95  13:11  Marine  
  85  13:16  Factory Tech Lab  
  85  13:17  Marine x2  
  84  13:22  Marauder x2  
  78  13:30  Marine x2  
  78  13:31  Marine  
  72  13:40  Marine x4  
  72  13:41  Marine  
  71  13:43  Marine  
  71  13:44  Siege Tank  
  75  13:49  Marine x2  
  75  13:54  Marine  
  75  13:55  Marine  
Show
View Real Time Build Order
Export as new Build Order

Worf Zerg - Winner!

Build Orders: Pool First 

Get SALT Encoding   

  12  0:01  Drone  
  13  0:09  Drone  
  14  0:17  Overlord  
  14  0:35  Drone x3  
  17  0:46  Spawning Pool  
  17  0:49  Drone  
  17  1:13  Hatchery  
  17  1:17  Extractor, Drone  
  16  1:19  Drone  
  17  1:33  Queen  
  17  1:34  Zergling x2  
  20  1:46  Drone  
  21  1:53  Roach Warren  
  20  2:07  Drone  
  21  2:09  Overlord  
  21  2:23  Drone  
  21  2:29  Queen  
  24  2:30  Drone  
  24  2:35  Roach  
  24  2:36  Roach  
  29  2:45  Extractor  
  29  2:46  Drone  
  29  2:51  Overlord  
  29  3:09  Drone x3  
  32  3:13  Drone x3  
  35  3:26  Drone x3  
  38  3:30  Lair  
  38  3:38  Roach x2  
  42  3:44  Drone x2  
  42  3:45  Overlord  
  44  4:11  Extractor  
  43  4:17  Drone x2  
  43  4:18  Drone  
  43  4:22  Drone x2  
  48  4:25  Overlord  
  48  4:26  Overlord  
  48  4:28  Overlord  
  48  4:34  Extractor  
  47  4:44  Queen  
  49  4:45  Evolution Chamber  
  49  4:51  Evolution Chamber  
  47  4:58  Drone x3  
  50  5:00  Drone x3  
  50  5:06  Hydralisk Den  
  52  5:10  Drone  
  53  5:18  Overseer, Spore Crawler  
  52  5:30  Drone x2  
  52  5:31  Drone x3  
  57  5:36  Muscular Augments  
  57  5:39  Overlord x2  
  57  6:10  Infestation Pit  
  57  6:11  Hydralisk x5  
  56  6:12  Hydralisk x3  
  56  6:13  Roach  
  56  6:14  Roach x3  
  80  6:27  Zerg Missile Weapons Level 1  
  80  6:28  Hatchery  
  80  6:30  Zerg Ground Armor Level 1  
  79  6:37  Glial Reconstitution  
  79  6:56  Hydralisk x6  
  91  7:04  Overlord x2  
  91  7:59  Infestor x5  
  91  8:03  Drone x2  
  103  8:08  Overseer  
  103  8:09  Overseer x2  
  103  8:18  Spore Crawler  
  102  8:22  Spore Crawler  
  101  8:29  Spore Crawler  
  101  8:31  Queen, Spore Crawler  
  101  8:32  Drone x3  
  104  8:43  Hydralisk x3  
  104  8:44  Hydralisk x2  
  104  8:48  Overlord x3  
  114  8:49  Overlord  
  114  9:02  Pathogen Glands  
  114  9:04  Hive  
  114  9:16  Ravager x2  
  114  9:17  Ravager  
  101  9:43  Burrow  
  101  9:45  Drone x5  
  105  9:46  Drone  
  105  9:48  Hydralisk x4  
  105  9:49  Hydralisk  
  105  9:50  Roach x3  
  123  9:57  Extractor  
  123  9:58  Extractor  
  121  10:35  Roach x3  
  126  10:48  Neural Parasite  
  108  11:30  Ultralisk Cavern  
  107  11:36  Infestor x2  
  107  11:43  Roach x6  
  107  11:44  Roach x4  
  107  11:45  Roach x2  
  107  11:46  Hydralisk x18  
  131  11:47  Hydralisk x3  
  131  11:48  Hydralisk x4  
  131  11:51  Overlord x4, Roach x3  
  145  12:08  Hatchery  
  144  12:12  Infestor x2  
  144  12:13  Infestor x2  
  152  12:19  Ravager x5  
  152  12:20  Ravager x3  
  106  13:23  Roach x2  
  106  13:24  Roach x4, Hydralisk x5  
  106  13:25  Roach  
Tags
 
League
GoldGold
Matchup
TvZ
Opening
Pool First
Add a new tag
Caveats
  • Supply blocks, unpowered buildings, or Contaminate may cause inaccurate times.
  • Supply counts are checked every 10 seconds.